 Dungeon Crawl Stone Soup version 0.32-a0-918-g0f22ef8d61 (webtiles) character file.

Game seed: 6272767546144332188

354 Armakuni the Conjurer (level 6, -4/41 HPs)
             Began as a Human Hedge Wizard on Apr 10, 2024.
             Slain by a steam dragon (5 damage)
             ... on level 4 of the Dungeon.
             The game lasted 00:07:29 (4173 turns).

Armakuni the Conjurer (Human Hedge Wizard)          Turns: 4173, Time: 00:07:30

Health: -4/41      AC:  2    Str: 11    XL:     6   Next: 63%
Magic:  8/10       EV: 11    Int: 16    God:
Gold:   102        SH:  4    Dex: 10    Spells: 5/11 levels left

rFire   . . .        a - +1 flail
rCold   . . .        (no shield)
rNeg    . . .        g - +0 robe
rPois   .            c - +0 hat
rElec   .            (no cloak)
rCorr   .            (no gloves)
SInv    .            (no boots)
Will    .....        R - amulet of regeneration
Stlth   ++           (no ring)
HPRegen 1.06/turn    (no ring)
MPRegen 0.12/turn

%: no passive effects
@: mighty, attractive
A: explore regen, antennae 1, large bone plates 1, clumsy 1, subdued magic 1
a: no special abilities


You were on level 4 of the Dungeon.
You visited 1 branch of the dungeon, and saw 4 of its levels.

You collected 102 gold pieces.

Inventory:

Hand Weapons
 a - a +1 flail (weapon)
Missiles
 m - a throwing net
Armour
 c - a +0 hat (worn)
 g - a +0 robe (worn)
 h - a +0 leather armour
Jewellery
 R - an amulet of regeneration (around neck)
 U - an amulet of faith
Potions
 i - a potion of haste {unknown}
 j - a potion of berserk rage {unknown}


   Skills:
 - Level 2.0 Dodging
 - Level 2.0 Stealth
 - Level 3.0 Spellcasting
 + Level 6.6 Conjurations
 - Level 1.0 Summonings
 - Level 1.0 Translocations


You had 5 spell levels left.
You knew the following spells:

 Your Spells              Type           Power      Damage    Failure   Level
a - Magic Dart            Conj           72%        1d6       1%          1
i - Call Imp              Summ           8%         N/A       16%         2
m - Mephitic Cloud        Conj/Alch/Air  7%         N/A       19%         3

Your spell library contained the following spells:

 Spells                   Type           Power      Damage    Failure   Level
 Slow                     Hex            4%         N/A       16%         1
 Blink                    Tloc           8%         N/A       16%         2
 Cigotuvi's Dreadful Rot  Necr/Alch/Air  2%         N/A       24%         2


Dungeon Overview and Level Annotations

Branches:
Dungeon (4/15)
 Temple: D:4-7

Altars:


Innate Abilities, Weirdness & Mutations

You regain HP and MP as you explore.
You have a pair of small antennae on your head.
You are partially covered in large bone plates. (SH +4)
You are clumsy. (Dex -2)
Your spells are a little easier to cast, but a little less powerful.


Message History

Your cerulean imp hits the steam dragon with a -4 spear.
The steam dragon completely misses your cerulean imp.
The steam dragon claws your cerulean imp but does no damage.
Your cerulean imp barely misses the steam dragon.
The steam dragon completely misses your cerulean imp.
The steam dragon claws your cerulean imp.
Your cerulean imp hits the steam dragon with a -4 spear.
The steam dragon breathes steam at you.
The ball of steam hits your cerulean imp!
Your cerulean imp dies!
Your cerulean imp disappears in a puff of smoke!
The ball of steam hits you!
You hear a bellow!
Casting: Call Imp (safe; 19% risk of failure)
Confirm with . or Enter, or press ? or * to list all spells.
A tiny devil pulls itself out of the air.
The steam dragon breathes steam at you.
The ball of steam hits your cerulean imp!!
Your cerulean imp dies!
Your cerulean imp disappears in a puff of smoke!
The ball of steam hits you!!
* * * LOW HITPOINT WARNING * * *
Okay, then.
It was a potion of attraction.
You feel attractive to monsters.
The steam dragon is attracted toward you.
You aren't carrying any scrolls.
It was a potion of mutation.
You feel extremely strange.
You feel clumsy. A pair of antennae grows on your head!
Your connection to magic feels subdued.
Large bone plates grow over parts of your arms.
The steam dragon bites you.
* * * LOW HITPOINT WARNING * * *
The steam dragon closely misses you.
It was a potion of might.
You feel very mighty all of a sudden. The steam dragon bites you.
* * * LOW HITPOINT WARNING * * *
The steam dragon claws you.
You die...

### #....# .. D. #...<# .... #§
###.###########......
#§####.###.##..#...........#
####.#...........'...........#
##.#.##...........#...........#
##.#.#.#############...........#
#.######........................
.##D#.#.#..D§..D@................
....§......§.....................
#########........................
#.....###'##'#####....######
#.....#..........#....#..
#.....#..........#....#..
####.....########..##....#...
........##.######..#.....#...##
........#..........#.....#.....


You could see a steam dragon.

Vanquished Creatures
  A black bear (D:3)
  2 hounds (D:4)
  Natasha (twice) (D:2)
  3 gnolls (D:4)
  3 adders
  2 ribbon worms
  An orc (D:3)
  4 ball pythons
  7 endoplasms
  4 giant cockroaches
  8 goblins
  2 hobgoblins
  7 kobolds
  4 quokkas
  6 bats
  4 frilled lizards (D:1)
  9 rats
69 creatures vanquished.

Vanquished Creatures (collateral kills)
  Natasha (D:2)
  2 ball pythons
  A rat (D:1)
4 creatures vanquished.

Grand Total: 73 creatures vanquished

Notes
Turn   | Place    | Note
-------+----------+-------------------------------------------
     0 | D:1      | Armakuni the Human Hedge Wizard began the quest for the
                  | Orb.
     0 | D:1      | Reached XP level 1. HP: 13/13 MP: 4/4
   412 | D:1      | Reached skill level 2 in Conjurations
   412 | D:1      | Reached XP level 2. HP: 19/19 MP: 3/6
   482 | D:1      | Learned a level 2 spell: Call Imp
   851 | D:1      | Reached XP level 3. HP: 24/24 MP: 5/7
  1311 | D:2      | Reached skill level 3 in Conjurations
  1576 | D:2      | Learned a level 3 spell: Mephitic Cloud
  1774 | D:3      | Noticed a black bear
  1965 | D:2      | Noticed Natasha
  1979 | D:2      | Killed Natasha
  1980 | D:2      | Reached skill level 4 in Conjurations
  1980 | D:2      | Reached XP level 4. HP: 30/30 MP: 4/8
  2057 | D:2      | Noticed Natasha
  2064 | D:2      | Killed Natasha
  2380 | D:2      | Found a faded altar of an unknown god.
  2493 | D:2      | Noticed Natasha
  2519 | D:2      | Killed Natasha
  2520 | D:2      | Reached XP level 5. HP: 33/35 MP: 2/9
  2824 | D:3      | Reached skill level 5 in Conjurations
  3242 | D:3      | Killed a black bear
  3243 | D:3      | Reached XP level 6. HP: 7/41 MP: 6/10
  3722 | D:4      | Reached skill level 6 in Conjurations
  4146 | D:4      | Noticed a steam dragon
  4172 | D:4      | Gained mutation: You are clumsy. (Dex -2) [potion of
                  | mutation]
  4172 | D:4      | Gained mutation: You have a pair of small antennae on your
                  | head. [potion of mutation]
  4172 | D:4      | Gained mutation: Your spells are a little easier to cast,
                  | but a little less powerful. [potion of mutation]
  4172 | D:4      | Gained mutation: You are partially covered in large bone
                  | plates. (SH +4) [potion of mutation]
  4173 | D:4      | HP: 1/41 [steam dragon (6)]
  4173 | D:4      | Slain by a steam dragon

Illustrated notes

Levels and vault maps discovered:
D:1:      shiori_shiawase, layout_loops_corners, hangedman_decor_growths,
          minmay_domino_4
D:2:      layout_loops_ring, dreamdust_ecumenical_altar_hidden_monk_grotto,
          uniq_natasha
D:3:      layout_loops_corners
D:4:      layout_gridville, mainiacjoe_overflow_large_starburst,
          minmay_small_thing

Skill      XL: |  1  2  3  4  5  6 |
---------------+-------------------+-----
Conjurations   | 2 4 5 6 |  6.6
Dodging        | |  2.0
Stealth        | |  2.0
Spellcasting   | |  3.0
Summonings     | |  1.0
Translocations | |  1.0

Action                     |  1- 3 |  4- 6 || total
---------------------------+-------+-------++-------
  Melee: Mace              |     2 |    41 ||    43
   Cast: Magic Dart        |    73 |    76 ||   149
         Call Imp          |     3 |    12 ||    15
    Use: Scroll            |     1 |     3 ||     4
         Potion            |       |     5 ||     5
   Stab: Distracted        |       |     1 ||     1
         Sleeping          |       |     1 ||     1
 Armour: Robe              |    11 |    69 ||    80
  Dodge: Dodged            |     6 |    60 ||    66

Table legend: (Time is in decaauts)
 A = Elapsed time spent in this place.
 B = Non-inter-level travel time spent in this place.
 C = Inter-level travel time spent in this place.
 D = Time resting spent in this place.
 E = Time spent auto-exploring this place.
 F = Levels seen in this place.
 G = Mean time per level.
                   A        B        C        D        E       F      G
               +--------+--------+--------+--------+--------+-----+--------+
         Total |   4188 |   4116 |     72 |    663 |   2758 |   4 | 1047.0 |
       Dungeon |   4188 |   4116 |     72 |    663 |   2758 |   4 | 1047.0 |
               +--------+--------+--------+--------+--------+-----+--------+

Top non-repeatable levels by time:
     D:1: 1269 daAuts
     D:2: 1241 daAuts
     D:3: 1031 daAuts
     D:4: 646 daAuts
